 Dungeon Crawl Stone Soup version 0.21-a0-509-gecc5317 (webtiles) character file.

446 slep the Chopper (level 7, -1/52 HPs)
             Began as a Barachi Gladiator on Dec 1, 2017.
             Was an Initiate of Okawaru.
             Slain by an orc
             ... wielding a +0 hand axe
              (6 damage)
             ... on level 4 of the Dungeon.
             The game lasted 00:08:59 (2560 turns).

slep the Chopper (Barachi Gladiator)                Turns: 2560, Time: 00:09:00

Health: -1/52      AC:  6    Str: 15      XL:     7   Next: 3%
Magic:  7/7        EV: 10    Int:  7 (9)  God:    Okawaru [......]
Gold:   200        SH: 10    Dex: 15      Spells: 6/6 levels left

rFire    . . .     SeeInvis .   a - +0 war axe
rCold    . . .     Gourm    .   g - +2 shield
rNeg     . . .     Faith    .   t - +0 ring mail
rPois    .         Spirit   .   c - +0 helmet
rElec    .         Reflect  .   (no cloak)
rCorr    .         Harm     .   (no gloves)
MR       .....                  (no boots)
Stlth    +.........             (no amulet)
HPRegen  0.17/turn              (no ring)
MPRegen  0.10/turn              (no ring)

@: slow
A: +LOS, swims, slowness 1, strong legs 1
a: Hop, Renounce Religion


You were on level 4 of the Dungeon.
You worshipped Okawaru.
Okawaru was noncommittal.
You were not hungry.

You visited 2 branches of the dungeon, and saw 5 of its levels.

You collected 200 gold pieces.

Inventory:

Hand Weapons
 a - a +0 war axe (weapon)
 q - a +0 blowgun
Missiles
 d - a throwing net (quivered)
Armour
 b - a +0 leather armour
 c - a +0 helmet (worn)
 g - a +2 shield (worn)
 t - a +0 ring mail (worn)
Jewellery
 k - an uncursed ring of poison resistance {unknown}
Wands
 l - a wand of polymorph (2)
Scrolls
 e - a scroll of remove curse {unknown}
 i - 2 scrolls of teleportation {unknown}
 j - 3 scrolls of identify {unknown}
 o - 2 scrolls of magic mapping {unknown}
 r - a scroll of immolation {unknown}
Potions
 h - a potion of lignification
 m - 5 potions of curing {unknown}
 s - a potion of flight {unknown}
 u - a potion of agility {unknown}
 v - a potion of heal wounds {unknown}
Comestibles
 f - 3 bread rations
 n - 3 meat rations
 w - 7 chunks of flesh


   Skills:
 + Level 3.5 Fighting
 + Level 6.1 Axes
 + Level 2.1 Throwing
 + Level 2.8 Armour
 + Level 4.4 Dodging
 + Level 0.3 Stealth
 + Level 2.5 Shields


You had 6 spell levels left.
You didn't know any spells.

Dungeon Overview and Level Annotations

Branches:
Dungeon (4/15)             Temple (1/1) D:4

Altars:
Ashenzari
Cheibriados
Gozag
Hepliaklqana
Okawaru
Qazlal
Ru
Sif Muna
Trog
Uskayaw
Vehumet
Xom
Yredelemnul
Zin


Innate Abilities, Weirdness & Mutations

Shadows flee at your approach. (+LOS)
You can swim through water.
You cover ground slowly.
You can hop short distances.


Message History

* * * LOW HITPOINT WARNING * * *
Throwing (i - inventory):
d - 2 throwing nets (quivered)
Press: ? - help, Shift-Dir - straight line, f - ogre
Aim: an ogre, wielding a giant spiked club (almost dead)
You throw a throwing net. The throwing net hits the ogre.
The ogre is caught in the net!
The ogre is almost dead.
The ogre struggles against the net.
You strike the helpless ogre from behind!
You hit the ogre.
You kill the ogre!
Okawaru is honoured by your kill.
You feel your strength returning.
Your Axes skill increases to level 6!
You have reached level 7!
You slash the orc!
You kill the orc!
Okawaru accepts your kill.
You closely miss the orc. The orc hits you with a hand axe.
You die...

#.......#.#......######.....†....
.................#### #..........
#.#.#.#.#...<..#....###..........
...............##.#>...#.########
#.......>......##.###....#...##
...............##.##..........##
....###........##.#............#
#..## #........##.#............#
... #.......(o@.#..........<.# ..
#........##.##..........## .##(..
#..##...##...## #..
#..########### ... #.$# ### .>.#
...# .... ###


You could see an orc.

Vanquished Creatures
  2 ogres (D:4)
  Blork the orc (D:4)
  Ijyb (D:4)
  An iguana (D:4)
  A hound zombie (D:3)
  A hound skeleton (D:4)
  4 adders
  A worm (D:3)
  4 dart slugs
  4 leopard geckos
  4 orcs
  3 giant cockroaches
  11 hobgoblins
  9 jackals
  A quokka (D:4)
  A ball python (D:3)
  5 bats
  7 frilled lizards
  8 goblins
  8 kobolds
  8 rats
85 creatures vanquished.

Notes
Turn   | Place    | Note
-------+----------+-------------------------------------------
     0 | D:1      | slep the Barachi Gladiator began the quest for the Orb.
     0 | D:1      | Reached XP level 1. HP: 17/17 MP: 1/1
    58 | D:1      | Reached XP level 2. HP: 19/23 MP: 2/2
   531 | D:1      | Reached XP level 3. HP: 25/28 MP: 3/3
   827 | D:2      | Reached skill level 4 in Axes
   827 | D:2      | Reached skill level 1 in Armour
   925 | D:2      | Reached XP level 4. HP: 27/34 MP: 4/4
  1043 | D:2      | Reached skill level 1 in Shields
  1810 | D:3      | Reached XP level 5. HP: 39/41 MP: 5/5
  2284 | D:4      | Found a staircase to the Ecumenical Temple.
  2307 | Temple   | Entered the Ecumenical Temple
  2386 | Temple   | Became a worshipper of Warmaster Okawaru
  2405 | D:4      | Noticed Ijyb
  2408 | D:4      | Noticed an ogre
  2418 | D:4      | Killed an ogre
  2418 | D:4      | Reached skill level 5 in Axes
  2418 | D:4      | Reached XP level 6. HP: 47/47 MP: 6/6
  2425 | D:4      | Killed Ijyb
  2534 | D:4      | Noticed Blork the orc
  2552 | D:4      | Killed Blork the orc
  2558 | D:4      | Reached skill level 6 in Axes
  2558 | D:4      | Reached XP level 7. HP: 5/52 MP: 7/7
  2560 | D:4      | Slain by an orc

Vault maps used:
D:1:      mrwooster_arrival_statue_3
D:2:      first_bread, corexii_corridor_pit
D:4:      minmay_temple_entry_glass, minmay_misc_feat_chi, uniq_ijyb,
          uniq_blork_the_orc
Temple:   nicolae_temple_great_sept

Skill      XL: |  1  2  3  4  5  6 |
---------------+-------------------+-----
Axes           | 4 5 6 |  6.1
Armour         | 1 2 |  2.8
Shields        | 1 2 |  2.5
Dodging        | 4 |  4.4
Fighting       | 3 |  3.5
Throwing       | |  2.1
Stealth        | |  0.3

Action                   |  1- 3 |  4- 6 |  7- 9 || total
-------------------------+-------+-------+-------++-------
Melee: War axe           |   107 |   154 |     2 ||   263
 Fire: Blowgun           |       |     2 |       ||     2
Throw: Throwing net      |       |     2 |       ||     2
  Use: Potion            |       |     2 |       ||     2
 Stab: Sleeping          |     1 |       |       ||     1
       Held in net/web   |       |     1 |       ||     1
  Eat: Chunk             |       |     7 |       ||     7
Armor: Leather armour    |    40 |     9 |       ||    49
       Ring mail         |       |    31 |       ||    31
       Skin              |       |    10 |       ||    10
Dodge: Dodged            |    63 |    50 |       ||   113
Block: Shield            |    61 |    82 |       ||   143

Table legend:
 A = Spawn XP
 B = Non-spawn XP
 C = Spawn XP percentage of total XP
 D = Spawn monster count
 E = Non-spawn monster count
 F = Spawn count percentage of total count
 G = Total turns spent on level
                    A         B        C        D         E        F      G
               +---------+---------+-------+---------+---------+-------+---------
         Total |       0 |     638 |   0.0 |       0 |      85 |   0.0 |  2560
               +---------+---------+-------+---------+---------+-------+---------
           D:1 |       0 |      49 |   0.0 |       0 |      28 |   0.0 |   794
           D:2 |       0 |      50 |   0.0 |       0 |      16 |   0.0 |   506
           D:3 |       0 |      93 |   0.0 |       0 |      26 |   0.0 |   951
           D:4 |       0 |     443 |   0.0 |       0 |      14 |   0.0 |   218
        Temple |       0 |       3 |   0.0 |       0 |       1 |   0.0 |    91
               +---------+---------+-------+---------+---------+-------+---------
